 Dungeon Crawl Stone Soup version 0.23-a0-175-g97aacdb (webtiles) character file.

194 Amnesiac the Chiller (level 5, -6/35 HPs)
             Began as a Mummy Ice Elementalist on Sept 16, 2018.
             Mangled by a phantom (9 damage)
             ... on level 4 of the Dungeon.
             The game lasted 00:03:05 (1337 turns).

Amnesiac the Chiller (Mummy Ice Elementalist)       Turns: 1337, Time: 00:03:07

Health: -6/35      AC:  6    Str: 11    XL:     5   Next: 44%
Magic:  7/11       EV: 12    Int: 15    God:
Gold:   46         SH:  0    Dex: 13    Spells: 2/12 levels left

rFire    x . .     SeeInvis .   c - +0 short sword
rCold    + . .     Gourm    .   (no shield)
rNeg     + + +     Faith    .   a - +0 robe
rPois    ∞         Spirit   .   g - +2 helmet
rElec    .         Reflect  .   (no cloak)
rCorr    .         Harm     .   f - +0 pair of gloves
MR       .....                  (no boots)
Stlth    ++........             (no amulet)
HPRegen  0.11/turn              (no ring)
MPRegen  0.12/turn              (no ring)

@: no status effects
A: no food or potions, fire vulnerability, cold resistance 1, negative energy
resistance 3, torment resistance, unbreathing
a: no special abilities


You were on level 4 of the Dungeon.
You were not hungry.

You visited 1 branch of the dungeon, and saw 5 of its levels.

You collected 46 gold pieces.

Inventory:

Hand Weapons
 c - a +0 short sword (weapon)
Armour
 a - a +0 robe (worn)
 f - a +0 pair of gloves (worn)
 g - a +2 helmet (worn)
Scrolls
 b - a scroll of immolation {!r, unknown}
 d - a scroll of identify {!r, unknown}
 e - a scroll of fear {!r, unknown}
 h - a scroll of teleportation {!r, unknown}


   Skills:
 - Level 1.5 Dodging
 - Level 1.5 Stealth
 + Level 4.4 Spellcasting
 - Level 0.7 Conjurations
 * Level 4.5 Ice Magic


You had 2 spell levels left.
You knew the following spells:

 Your Spells              Type           Power        Failure   Level  Hunger
a - Freeze                Ice            ###.         2%          1    N/A
b - Throw Frost           Conj/Ice       ##....       9%          2    N/A
d - Throw Icicle          Conj/Ice       ##......     52%         4    N/A
z - Ozocubu's Armour      Chrm/Ice       ##......     21%         3    N/A

Your spell library contained the following spells:

 Spells                   Type           Power        Failure   Level  Hunger
 Summon Ice Beast         Ice/Summ       ##......     56%         4    N/A

Dungeon Overview and Level Annotations

Branches:
Dungeon (5/15)
 Temple: D:4-7

Altars:
Ru

Annotations:
D:2 Robin


Innate Abilities, Weirdness & Mutations

You do not eat or drink.
Your flesh is vulnerable to fire.
You are immune to poison.
Your flesh is cold resistant. (rC+)
You are immune to negative energy. (rN+++)
You are immune to unholy pain and torment.
You can survive without breathing.


Message History

You kill the killer bee!
Your Spellcasting skill increases to level 4!
You have reached level 5!
You feel agile.
You start resting.
HP restored.
You start resting.
Magic restored.
Unknown command.
You start resting.
Magic restored.
You climb downwards.
The killer bee stings you! The killer bee closely misses you.
The phantom closely misses you. The killer bee stings you.
There is a stone staircase leading up here.
The killer bee barely misses you.
The phantom hits you but does no damage.
The killer bee stings you!
* * * LOW HITPOINT WARNING * * *
You climb upwards.
There is a stone staircase leading down here.
Casting: Freeze (safe; 3% risk of failure)
Confirm with . or Enter, or press ? or * to list all spells.
Aiming: Freeze (safe; 3% risk of failure)
Press: ? - help, Shift-Dir - straight line, f - killer bee
Aim: a killer bee You freeze the killer bee.
The killer bee is lightly wounded.
The killer bee misses you.
The phantom blinks!
The killer bee misses you.
Casting: Freeze (safe; 3% risk of failure)
Confirm with . or Enter, or press ? or * to list all spells.
Aiming: Freeze (safe; 3% risk of failure)
Press: ? - help, Shift-Dir - straight line, f/p - killer bee
Aim: a killer bee (lightly wounded)
You freeze the killer bee.
The killer bee is heavily wounded.
The killer bee stings you but does no damage.
The killer bee barely misses you.
Unknown command.
Casting: Freeze (safe; 3% risk of failure)
Confirm with . or Enter, or press ? or * to list all spells.
Aiming: Freeze (safe; 3% risk of failure)
Press: ? - help, Shift-Dir - straight line, f/p - killer bee
Aim: a killer bee (heavily wounded)
You freeze the killer bee.
The killer bee is almost dead.
The killer bee stings you.
* * * LOW HITPOINT WARNING * * *
The phantom hits you.
* * * LOW HITPOINT WARNING * * *
The killer bee misses you.
Unknown command.
Casting: Freeze (safe; 3% risk of failure)
Confirm with . or Enter, or press ? or * to list all spells.
Aiming: Freeze (safe; 3% risk of failure)
Press: ? - help, Shift-Dir - straight line, f/p - killer bee
Aim: a killer bee (almost dead)
You freeze the killer bee.
You kill the killer bee!
The phantom hits you!
* * * LOW HITPOINT WARNING * * *
Unknown command.
The phantom hits you!
You die...

##+## #...# #...+
#...## #....#
#>W.+ ( #.@.# .#
####...########...
..................
###......#....##+
#......#....#
#(.....#..<%+
########....#
######


You could see a phantom.

Vanquished Creatures
  2 killer bees (D:4)
  An orc wizard (D:3)
  A worker ant (D:4)
  An adder (D:3)
  2 dart slugs (D:1)
  5 orcs
  7 bats
  2 giant cockroaches (D:1)
  6 goblins
  A hobgoblin (D:1)
  4 jackals (D:3)
  A quokka (D:3)
  4 kobolds
37 creatures vanquished.

Notes
Turn   | Place    | Note
-------+----------+-------------------------------------------
     0 | D:1      | Amnesiac the Mummy Ice Elementalist began the quest for the
                  | Orb.
     0 | D:1      | Reached XP level 1. HP: 13/13 MP: 4/4
    58 | D:2      | Noticed Robin
   138 | D:1      | Reached XP level 2. HP: 15/19 MP: 2/5
   142 | D:1      | Learned a level 2 spell: Throw Frost
   569 | D:3      | Found a sacrificial altar of Ru.
   647 | D:3      | Reached XP level 3. HP: 8/24 MP: 0/7
   655 | D:3      | Learned a level 3 spell: Ozocubu's Armour
   850 | D:4      | Noticed a phantom
  1052 | D:3      | Reached XP level 4. HP: 24/30 MP: 5/9
  1070 | D:3      | Learned a level 4 spell: Throw Icicle
  1249 | D:5      | Entered Level 5 of the Dungeon
  1273 | D:5      | Noticed a phantom
  1282 | D:4      | Reached XP level 5. HP: 28/35 MP: 5/11
  1337 | D:4      | Mangled by a phantom

Vault maps used:
D:1:      dpeg_arrival_simpleton_b
D:2:      minmay_pentomino_u2, uniq_sigmund, uniq_robin
D:3:      nicolae_ru_great_annihilating_truth
D:4:      first_ration
D:5:      fedhas_altar_3

Skill      XL: |  1  2  3  4 |
---------------+-------------+-----
Ice Magic      | 3 4 |  4.5
Spellcasting   | 3 4 |  4.4
Dodging        | |  1.5
Stealth        | |  1.5
Conjurations   | |  0.7

Action                   |  1- 3 |  4- 6 || total
-------------------------+-------+-------++-------
Melee: Unarmed           |     1 |       ||     1
       Short sword       |    15 |       ||    15
 Cast: Freeze            |    56 |    23 ||    79
 Stab: Sleeping          |     2 |       ||     2
Armor: Robe              |    18 |     8 ||    26
Dodge: Dodged            |    48 |    18 ||    66

Table legend:
 A = Non-vault XP
 B = Vault XP
 C = Vault XP percentage of total XP
 D = Non-vault monster count
 E = Vault monster count
 F = Vault count percentage of total count
                 A         B        C        D         E       F
            +---------+---------+-------+---------+---------+-------
      Total |     236 |      42 |  15.1 |      32 |       5 |  13.5
            +---------+---------+-------+---------+---------+-------
        D:1 |      32 |       2 |   5.9 |      15 |       1 |   6.2
        D:3 |      40 |      40 |  50.0 |      13 |       4 |  23.5
        D:4 |     164 |       0 |   0.0 |       4 |       0 |   0.0
            +---------+---------+-------+---------+---------+-------
